 Dungeon Crawl Stone Soup version 0.29-a0-221-gceb61267dd (webtiles) character file.

Game seed: 13070148255508890328

4443 TrayleKats the Cleaver (level 10, -4/94 HPs)
             Began as a Hill Orc Monk on Feb 27, 2022.
             Was a Believer of Beogh.
             Slain by a vampire (7 damage)
             ... on level 9 of the Dungeon.
             The game lasted 00:14:15 (13859 turns).

TrayleKats the Cleaver (Hill Orc Monk)             Turns: 13859, Time: 00:14:15

Health: -4/94      AC: 15    Str: 18 (19) XL:     10   Next: 37%
Magic:  0/13       EV: 11    Int:  7 (10) God:    Beogh [**....]
Gold:   474        SH:  0    Dex: 11 (13) Spells: 9/9 levels left

rFire   + + .      SeeInvis .   m - +6 mace "Grum" {flame, Fly}
rCold   + . .      Faith    .   (no shield)
rNeg    . . .      Spirit   +   d - +3 ring mail {rF+}
rPois   +          Reflect  .   (no helmet)
rElec   +          Harm     .   (no cloak)
rCorr   +          Rampage  .   E - +2 pair of gloves
Will    .....                   B - +2 pair of boots
Stlth   +.........              t - amulet of guardian spirit
HPRegen 0.25/turn               (no ring)
MPRegen 0.13/turn               (no ring)

@: brilliant, resistant, attractive, flying
A: no striking features
a: Renounce Religion, Smiting


You were on level 9 of the Dungeon.
You worshipped Beogh.
Beogh was pleased with you.
You visited 2 branches of the dungeon, and saw 10 of its levels.

You collected 474 gold pieces.

Inventory:

Hand Weapons
 a - a +0 hand axe
 m - the +6 mace "Grum" (weapon) {flame, Fly}
   (You found it on level 2 of the Dungeon)

   It burns those it strikes, dealing additional fire damage.
   Fly:       It grants you flight.
 n - a +2 trident of venom
 p - a +2 trident of venom
 s - a +0 glaive
Missiles
 b - 23 poisoned darts (quivered)
Armour
 d - a +3 ring mail of fire resistance (worn)
 B - a +2 pair of boots (worn)
 E - a +2 pair of gloves (worn)
Jewellery
 t - an amulet of guardian spirit (around neck)
 F - a +4 ring of evasion
Wands
 j - a wand of paralysis (9)
 o - a wand of flame (26)
 y - a wand of mindburst (6)
 C - a wand of polymorph (17)
Scrolls
 c - 3 scrolls of identify {unknown}
 e - 3 scrolls of teleportation
 i - a scroll of noise {unknown}
 r - 2 scrolls of blinking {unknown}
 v - a scroll of acquirement {unknown}
 w - a scroll of summoning {unknown}
 x - a scroll of enchant weapon {unknown}
 A - a scroll of immolation {unknown}
Potions
 f - a potion of magic
 l - a potion of flight
 q - 2 potions of degeneration


   Skills:
 + Level 10.4 Fighting
 - Level 14.1 Axes
 * Level 4.6 Armour
 - Level 2.7 Dodging
 - Level 1.8 Stealth
 * Level 5.2 Invocations


You had 9 spell levels left.
You didn't know any spells.
Your spell library contained the following spells:

 Spells                   Type           Power      Damage    Failure   Level
 Magic Dart               Conj           0%         1d3       61%         1
 Sting                    Tmut/Pois      0%         1d3       61%         1
 Call Imp                 Summ           0%         N/A       75%         2
 Poisonous Vapours        Pois/Air       0%         N/A       75%         2
 Call Canine Familiar     Summ           0%         N/A       93%         3
 Mephitic Cloud           Conj/Pois/Air  0%         N/A       93%         3
 Portal Projectile        Hex/Tloc       0%         N/A       93%         3
 Leda's Liquefaction      Hex/Erth       0%         N/A       100%        4
 Olgreb's Toxic Radiance  Pois           0%         N/A       100%        4


Dungeon Overview and Level Annotations

Branches:
Dungeon (9/15)             Temple (1/1) D:4
   Lair: D:8-11         Orc: D:9-12

Altars:
Ashenzari
Cheibriados
Dithmenos
Elyvilon
Fedhas
Gozag
Hepliaklqana
Kikubaaqudgha
Makhleb
Nemelex Xobeh
Okawaru
Qazlal
Ru
Sif Muna
Trog
Uskayaw
Vehumet
Wu Jian
Xom
Yredelemnul
Zin
The Shining One

Shops:
D:4 (   D:5 (

Annotations:
D:4 1 runed translucent door, spaghetti's ghost, amateur TeNe
D:8 1 runed translucent door, Dordric's ghost, novice BaIE
D:9 3 runed translucent doors


Message History

You sock something! You burn something. Something hits you.
* * * LOW HITPOINT WARNING * * *
Something bites you.
* * * LOW HITPOINT WARNING * * *
Something draws strength from your injuries!
Something hits you but does no damage. Something bites you.
* * * LOW HITPOINT WARNING * * *
Something draws strength from your injuries!
You feel better. Something hits you but does no damage. Something bites you!
* * * LOW HITPOINT WARNING * * *
Something draws strength from your injuries!
You feel better.
You feel yourself speed up.
You hear some strange, mumbled words.
Something tries to affect you, but you resist.
Something hits you but does no damage. Something bites you but does no damage.
You sock something! You burn something. Something hits you.
* * * LOW HITPOINT WARNING * * *
Something bites you.
* * * LOW HITPOINT WARNING * * *
Something draws strength from your injuries!
You feel better. Something hits you but does no damage.
Something completely misses you.
It was a potion of magic.
Magic courses through your body.
You closely miss something. Something hits you.
* * * LOW HITPOINT WARNING * * *
Something bites you!
* * * LOW HITPOINT WARNING * * *
Something draws strength from your injuries!
You hit something but do no damage. Something draws life force from you!
* * * LOW HITPOINT WARNING * * *
It was a potion of brilliance.
You feel clever all of a sudden. Something hits you but does no damage.
Something bites you.
* * * LOW HITPOINT WARNING * * *
Something draws strength from your injuries!
You hit something. You burn something.
You recover from your berserk rage.
Something hits you!
You die...

#.#
#.##.##.###..#
#.#
#.##.##......#
#.#
#.##....<....#
#.#
#.######..####
#.# #.######..#
#.#####.#....(..#
#.#.....#.####.##
#.#.#####.# #.#
#####....{@...#
#.#
....$..(..#######
#.#
####.##########
#.# .....# #.#
.....###### #.#
###.......# #.#
..#..####.# #.#
#.#..# #.# #.#
...#.## #.# #.#


There were no monsters in sight!

Vanquished Creatures
  An ugly thing (D:8)
  A kobold demonologist (D:8)
  A troll (D:9)
  A hornet (D:9)
  A shadow (D:8)
  A wyvern (D:7)
  2 steam dragons
  An acid dragon (D:9)
  4 black bears
  2 ice beasts
  3 sky beasts
  A necrophage (D:4)
  2 ogres (D:5)
  A phantom (D:5)
  3 centaurs
  3 bullfrogs
  A kobold brigand (D:9)
  A scorpion (D:6)
  9 wights
  A howler monkey (D:8)
  3 jellies
  An orc priest (D:4)
  Crazy Yiuf (D:2)
  A gnoll shaman (D:4)
  Jessica (D:2)
  Ijyb (D:2)
  Natasha (D:2)
  4 orc wizards
  5 gnolls
  6 adders
  An ufetubus (D:5)
  2 worms (D:4)
  3 dart slugs
  14 orcs
  10 ball pythons
  8 endoplasms
  7 giant cockroaches
  7 goblins
  9 hobgoblins
  6 jackals
  7 kobolds
  3 quokkas
  2 bats
  3 frilled lizards (D:1)
  3 rats
149 creatures vanquished.

Vanquished Creatures (others)
  An orc priest (D:4)
  An orc wizard (D:4)
  3 orcs (D:4)
  A hobgoblin (D:4)
  2 fungi (D:2)
  A plant (D:9)
9 creatures vanquished.

Grand Total: 158 creatures vanquished

Notes
Turn   | Place    | Note
-------+----------+-------------------------------------------
     0 | D:1      | TrayleKats the Hill Orc Monk began the quest for the Orb.
     0 | D:1      | Reached XP level 1. HP: 19/19 MP: 1/1
   152 | D:1      | Reached XP level 2. HP: 24/27 MP: 2/2
   811 | D:1      | Reached XP level 3. HP: 33/33 MP: 3/3
  1528 | D:2      | Found a runed translucent door.
  1529 | D:2      | Noticed Crazy Yiuf
  1530 | D:2      | Identified the +6 mace "Grum" {flame, Fly}
  1541 | D:2      | Killed Crazy Yiuf
  1542 | D:2      | Reached skill level 5 in Axes
  1542 | D:2      | Reached XP level 4. HP: 9/41 MP: 4/4
  2031 | D:2      | Noticed Natasha
  2036 | D:2      | Killed Natasha
  2037 | D:2      | Reached skill level 1 in Armour
  2068 | D:2      | Found a faded altar of an unknown god.
  2478 | D:3      | Reached XP level 5. HP: 27/47 MP: 5/5
  2982 | D:3      | Noticed Jessica
  2983 | D:3      | Noticed Ijyb
  3278 | D:2      | Killed Ijyb
  3279 | D:2      | Reached skill level 6 in Axes
  3287 | D:2      | Killed Jessica
  3542 | D:3      | Reached skill level 5 in Fighting
  3586 | D:3      | Reached XP level 6. HP: 27/56 MP: 6/6
  4196 | D:4      | Found a staircase to the Ecumenical Temple.
  4210 | Temple   | Entered the Ecumenical Temple
  4536 | D:4      | Found a hide-covered altar of Uskayaw.
  4538 | D:4      | Reached skill level 7 in Axes
  4995 | D:4      | Became a worshipper of Beogh the Brigand
  4995 | D:4      | Reached * piety under Beogh
  4995 | D:4      | Reached ** piety under Beogh
  5112 | D:4      | Noticed a necrophage
  5121 | D:4      | Killed a necrophage
  5212 | D:4      | Found a runed translucent door.
  5220 | D:4      | Noticed spaghetti's ghost (amateur TeNe)
  5426 | D:4      | Reached skill level 8 in Axes
  5426 | D:4      | Reached XP level 7. HP: 20/62 MP: 7/7
  5991 | D:4      | Found Neuzueku's Antique Weapon Shoppe.
  6169 | D:5      | Entered Level 5 of the Dungeon
  6248 | D:5      | Reached skill level 9 in Axes
  7590 | D:5      | Found Ygaupiaw's Weapon Shoppe.
  7684 | D:5      | Reached skill level 10 in Axes
  7684 | D:5      | Reached XP level 8. HP: 44/73 MP: 4/8
  8505 | D:6      | Reached skill level 11 in Axes
  9465 | D:7      | Reached skill level 12 in Axes
  9465 | D:7      | Reached XP level 9. HP: 77/80 MP: 9/9
 10341 | D:7      | Reached skill level 13 in Axes
 11412 | D:8      | Found a runed translucent door.
 11420 | D:8      | Found a shimmering altar of Xom.
 11420 | D:8      | Noticed Dordric's ghost (novice BaIE)
 11420 | D:8      | Noticed a +1 spear of chaos
 11680 | D:9      | Noticed a troll
 11686 | D:9      | Killed a troll
 11687 | D:9      | Reached skill level 14 in Axes
 11692 | D:9      | Noticed a hornet
 11699 | D:9      | Killed a hornet
 11700 | D:9      | Reached skill level 1 in Invocations
 12017 | D:9      | Noticed a kobold demonologist
 12048 | D:9      | Noticed a rust devil
 12050 | D:9      | Noticed a sun demon
 12056 | D:8      | Noticed a sixfirhy
 12056 | D:8      | Killed a kobold demonologist
 12057 | D:8      | Reached skill level 10 in Fighting
 12057 | D:8      | Reached XP level 10. HP: 47/93 MP: 5/12
 12794 | D:9      | Noticed a brown ugly thing
 12852 | D:8      | HP: 2/139 [acid (8)]
 12854 | D:8      | Killed a brown ugly thing
 13368 | D:9      | Noticed a wizard
 13559 | D:9      | Reached skill level 5 in Invocations
 13665 | D:9      | Found a runed translucent gate.
 13666 | D:9      | Found a runed translucent gate.
 13666 | D:9      | Found a runed translucent gate.
 13857 | D:9      | HP: 4/94 [something (9)]
 13859 | D:9      | Slain by a vampire

Illustrated notes

Levels and vault maps discovered:
D:1:      minmay_arrival_up_and_down, layout_loops_ring
D:2:      layout_loops_ring, shapermc_ecumenical_altar_mp_highgroup,
          uniq_natasha, uniq_crazy_yiuf_cottage
D:3:      layout_rooms, uniq_ijyb, uniq_jessica
D:4:      layout_basic, nicolae_uskayaw_dance_hall,
          minmay_temple_entry_statues_pillars, gammafunk_ghost_grave,
          minmay_door_square, st_stairs_9, nicolae_take_the_stairs,
          grunt_ministairs_4, kennysheep_nub
D:5:      layout_cave_pools, serial_shops, nicolae_shop_bloodbath_and_beyond
D:6:      layout_basic
D:7:      layout_gridville
D:8:      layout_basic, ebering_ghost_xom
D:9:      minmay_tri_box, layout_loops_ring, david_lair_generic,
          ebering_ghost_rock_garden
Temple:   regret_index_temple_sigil_plot

Skill      XL: |  1  2  3  4  5  6  7  8  9 10 |
---------------+-------------------------------+-----
Fighting       | 4 5 7 8 10 | 10.4
Axes           | 5 6 8 10 12 14 | 14.1
Armour         | 1 3 4 |  4.6
Invocations    | 3 5 |  5.2
Dodging        | |  2.7
Stealth        | |  1.8

Action                   |  1- 3 |  4- 6 |  7- 9 | 10-12 || total
-------------------------+-------+-------+-------+-------++-------
Melee: Hand axe          |    87 |       |       |       ||    87
       Mace              |     6 |   138 |   195 |    77 ||   416
       Punch             |       |     2 |     3 |     1 ||     6
Invok: Convert to Beogh  |       |     1 |       |       ||     1
Evoke: Wand              |       |       |       |     2 ||     2
  Use: Potion            |       |     2 |     1 |    16 ||    19
       Scroll            |       |       |     1 |     1 ||     2
 Stab: Sleeping          |     2 |     1 |     1 |       ||     4
Armor: Ring mail         |    32 |    72 |    72 |    67 ||   243
       Skin              |       |    49 |    10 |     3 ||    62
Dodge: Dodged            |    40 |   107 |   137 |    42 ||   326

Table legend: (Time is in decaauts)
 A = Elapsed time spent in this place.
 B = Non-inter-level travel time spent in this place.
 C = Inter-level travel time spent in this place.
 D = Time resting spent in this place.
 E = Time spent auto-exploring this place.
 F = Levels seen in this place.
 G = Mean time per level.
                   A        B        C        D        E       F      G
               +--------+--------+--------+--------+--------+-----+--------+
         Total |  13962 |  13441 |    521 |   6298 |   5389 |  10 | 1396.2 |
       Dungeon |  13700 |  13208 |    492 |   6298 |   5178 |   9 | 1522.2 |
        Temple |    262 |    233 |     29 |      0 |    211 |   1 |  262.0 |
               +--------+--------+--------+--------+--------+-----+--------+

Top non-repeatable levels by time:
     D:4: 2817 daAuts
     D:8: 2295 daAuts
     D:2: 2189 daAuts
     D:6: 1409 daAuts
     D:1: 1040 daAuts
     D:9: 1012 daAuts
     D:7: 984 daAuts
     D:3: 981 daAuts
     D:5: 969 daAuts
  Temple: 262 daAuts
